Unix NetHack Version 3.7.0-97 Work-in-progress - last build Feb 8 2024 15:05:57 (6d6cdf8371b60126770a3d7b88910941cb14a054,branch:master). Game began 2024-02-21 21:25:18, ended 2024-02-24 17:34:32. nurdglaw, chaotic female human Rogue ------- ----------- #......-## ----- ------- |.........| #|...{.| # |...| |.....| ###..........| q|.....| # |....# |.....| # |.........| @|....)-#####|...|## |.....| # |.........| #)|.....| ## #|...| # |.....-## ####### |.........| # ---(--- # #-.--- # |.....| # ###..........| # ) #########(####-----.- # # -----.----- ) # # # ######## # # ### ) ### # # ## # # # # # # # ### #----------------# # [ ---.-----|---- # ## ###...<...........|# %%% # |............| # ### #|..............|# ##### ------ [ |............| ###---.- #................# ------+- |....| # |............| #|...| |..............| |..?...| |....-## -------------- #|...| ---------------- |)...[!| |....| #-...| |.?=.*[| |.>..| ----- |...?!.| ------ -------- Nurdglaw the Pilferer St:16 Dx:16 Co:18 In:10 Wi:12 Ch:7 Chaotic S:46774 Dlvl:5 $:10 HP:0(64) Pw:40(40) AC:-7 Xp:10/7439 T:20946 Fainted Burdened Deaf Latest messages: The winter wolf cub bites! The winter wolf cub misses! The winter wolf cub bites! The large cat steps reluctantly over a crossbow. The winter wolf cub bites! The blast of frost hits it. The blast of frost hits the winter wolf cub. The blast of frost hits you! But it reflects from your medallion! The winter wolf cub bites! The winter wolf cub bites! The winter wolf cub bites! The winter wolf cub misses! The winter wolf cub bites! You regain consciousness. In what direction? k You throw 4 daggers. The 1st dagger hits the winter wolf cub! You kill the winter wolf cub! The 2nd dagger hits it. The 3rd dagger hits it. The 4th dagger hits it. You can hear again. In what direction? k You throw 4 daggers. The 1st dagger hits it. You kill it! The large cat steps reluctantly over a crossbow. You faint from lack of food. The rothe hits! The rothe bites! The rothe misses! The rothe hits! The rothe bites! The rothe bites again! The rothe misses! The rothe misses! The rothe bites! The rothe misses! The rothe just misses! The rothe bites! The rothe hits! The rothe bites! The rothe bites again! You die... Do you want your possessions identified? [ynq] (y) y Do you want to see your attributes? [ynq] (y) y Do you want an account of creatures vanquished? [ynaq] (y) y Do you want to see your conduct and achievements? [ynq] (y) y Do you want to see the dungeon overview? [ynq] (y) y Inventory: Coins $ - 10 gold pieces Amulets Q - an uncursed amulet of reflection (being worn) Weapons l - 14 uncursed +0 darts w - 2 uncursed +1 daggers b - 3 uncursed +0 daggers (at the ready) Z - an uncursed +0 elven dagger I - the blessed +0 Sting (weapon in right hand) f - an uncursed +0 scimitar a - an uncursed +0 short sword named tlpthy, psn rsstnc Armor m - an uncursed +0 helmet (being worn) z - an uncursed +0 pair of gauntlets of dexterity (being worn) y - an uncursed +0 pair of leather gloves x - an uncursed +0 pair of iron shoes (being worn) A - an uncursed rotted +0 cloak of magic resistance (being worn) i - a blessed +3 dwarvish mithril-coat (being worn) Scrolls n - an uncursed scroll of light Potions C - 3 uncursed potions of healing v - an uncursed potion of sickness T - an uncursed potion of water Rings O - an uncursed +3 ring of increase accuracy d - an uncursed ring of levitation L - an uncursed ring of poison resistance s - an uncursed ring of regeneration o - an uncursed ring of see invisible (on right hand) V - an uncursed ring of warning Wands W - an uncursed wand of cancellation (0:7) M - an uncursed wand of cold (0:2) c - an uncursed wand of lightning (0:2) H - an uncursed wand of magic missile (0:0) F - an uncursed wand of speed monster (0:8) q - an uncursed wand of speed monster (0:7) K - a cursed wand of striking (0:3) Tools Y - an empty cursed bag of holding h - an uncursed oilskin sack containing 15 items J - an empty uncursed sack t - an uncursed brass lantern R - an uncursed brass lantern E - an uncursed leash j - an uncursed lock pick k - an uncursed lock pick S - an uncursed magic whistle P - an uncursed mirror p - an uncursed +0 pick-axe X - an uncursed tin opener u - an uncursed +0 unicorn horn Gems/Stones r - an uncursed luckstone Contents of the oilskin sack: 14610 gold pieces an uncursed +0 mummy wrapping 2 uncursed potions of healing 3 cursed potions of healing an uncursed ring of fire resistance an uncursed ring of sustain ability an uncursed wand of cold named discharged (0:0) an uncursed wand of create monster (0:12) an uncursed wand of enlightenment (0:11) an uncursed wand of light (0:13) a blessed wand of nothing (0:5) an uncursed wand of nothing (0:7) an uncursed wand of probing (0:6) an uncursed wand of secret door detection (0:14) an uncursed lock pick Nurdglaw the Rogue's attributes: Background: You were a Pilferer, a level 10 female human Rogue. You were chaotic, on a mission for Kos who was opposed by Issek (lawful) and Mog (neutral). You were right-handed. You were in the Dungeons of Doom, on level 5. You entered the dungeon 20946 turns ago. There was a full moon in effect when your adventure ended. You had 7439 experience points, 2561 more were needed to attain level 11. Your score was 46774 before end-of-game adjustments. Basics: You had 0 out of 64 hit points. You had all 40 energy points (spell power). Your armor class was -7. Your wallet contained 10 zorkmids, and you had 14610 more stashed away in your pack. Autopickup was on for '$' plus thrown. Final Characteristics: Your strength was 16 (base:17, peak:18, limit:18/100). Your dexterity was 16 (peak:18, limit:18). Your constitution was 18 (limit:18). Your intelligence was 10 (limit:18). Your wisdom was 12 (limit:18). Your charisma was 7 (limit:18). Final Status: You were deaf. You were fainted due to starvation. You were burdened; movement was slightly slowed. You were wielding a dagger. You had expert skill with dagger. Final Attributes: You were piously aligned. You were magic-protected. You were poison resistant. You saw invisible. You were telepathic. You were aware of the presence of orcs. You had automatic searching. You were stealthy. You had a small defense bonus (+4). You were guarded. You had reflection. You were lucky. You had extra luck. Bad luck did not time out for you. Good luck did not time out for you. Kos was angry with you. You are dead. Miscellaneous: You encountered 2 bones levels. Total elapsed playing time was 10 hours, 35 minutes and 19 seconds. Major events: Turn 1: nurdglaw the chaotic female human Rogue entered the dungeon 1322: attained the rank of Cutpurse (level 3) 1418: entered the Gnomish Mines 4883: attained the rank of Rogue (level 6) 5064: consulted the Oracle 5895: entered Sokoban 6271: completed 1st Sokoban level 7220: completed 2nd Sokoban level 8050: completed 3rd Sokoban level 11583: reached Mine Town 11767: destroyed nekochan's ghost, the former Evoker 12931: chose an elven dagger to be named "Sting" 15575: completed 4th Sokoban level 15974: acquired the Sokoban amulet of reflection 16908: destroyed Syl's ghost, the former Thaumaturge 17246: attained the rank of Pilferer (level 10) 20946: killed by a rothe, while fainted from lack of food Vanquished creatures: 2 ghosts 2 giant mimics 4 stalkers 5 wargs a winter wolf a glass piercer a xan 2 trolls a sasquatch a gelatinous cube 2 large dogs a large cat 4 tigers 2 dwarf rulers 5 tengu an energy vortex a mountain centaur 4 stone giants an elf mummy a human mummy a python a wraith an ettin zombie 2 soldiers a watchman 4 chameleons 3 giant beetles 2 quivering blobs 2 cockatrices 3 wolves 2 winter wolf cubs a lynx a panther 2 gremlins a spotted jelly 4 leprechauns an iron piercer a mumak 2 giant spiders a scorpion a black light 3 vampire bats a forest centaur an orc mummy a dwarf mummy 2 ogres a brown pudding a rust monster a yeti a gold golem 3 werewolves a Green-elf a lizard 2 dingoes 3 dogs a housecat a jaguar 2 dwarf leaders a white unicorn 2 gray unicorns 2 dust vortices 2 ravens a plains centaur 3 gnome mummies 6 snakes 5 apes 5 human zombies a rope golem a Woodland-elf 2 soldier ants an imp a water nymph 2 mountain nymphs 12 Uruk-hai an orc shaman 6 rock piercers 5 rock moles 5 ponies a fog cloud 5 yellow lights a shrieker 9 gnome leaders 4 gnomish wizards 5 kobold mummies a guardian naga hatchling 2 gray oozes 2 elf zombies 2 straw golems 11 giant ants a little dog 10 floating eyes a kitten 13 dwarves a homunculus 2 kobold leaders 3 kobold shamans 7 hill orcs 8 rothes 3 rabid rats a centipede 3 giant bats 2 monkeys 3 orc zombies a dwarf zombie 4 wererats a werejackal 7 iguanas 12 killer bees an acid blob 5 coyotes 2 gas spores 8 hobbits 2 manes 2 large kobolds 4 hobgoblins 5 giant rats 2 cave spiders a yellow mold 2 red molds 30 gnomes 3 garter snakes 3 gnome zombies 15 geckos 7 jackals 2 foxes 3 kobolds 2 goblins 5 sewer rats 12 grid bugs 6 bats 8 lichens 4 kobold zombies 13 newts 442 creatures vanquished. No species were genocided or became extinct. Voluntary challenges: You read items or engraved 119 times. You engraved Elbereth 78 times. You never genocided any monsters. You never polymorphed an object. You never changed form. You used no wishes. You violated the special Sokoban rules once. Achievements: You attained the rank of Cutpurse. You entered the Gnomish Mines. You entered a shop. You attained the rank of Rogue. You consulted the Oracle of Delphi. You entered Sokoban. You entered Minetown. You entered a temple. You completed Sokoban. You attained the rank of Pilferer. The Dungeons of Doom: levels 1 to 10 Level 1: "bars" Some sinks. Level 2: Many altars. Stairs down to The Gnomish Mines. Level 3: A fountain, a sink. Level 4: A general store. Level 5: <- You were here. A general store, a fountain. Final resting place for you, killed by a rothe, while fainted from lack of food. Level 6: Many fountains. Oracle of Delphi. Level 7: A fountain. Stairs up to Sokoban, level 6. Level 8: "https://www.hardfought.org/userdata/S/Syl/nethack/dumplog/1708693983.nh.txt" A throne, a fountain, a grave. Final resting place for Syl-Wiz-Elf-Mal-Cha, killed by an invisible vampire bat. Level 9: "vault" A fountain. Level 10: The Gnomish Mines: levels 3 to 6 Level 3: Level 4: Level 5: Level 6: "https://www.hardfought.org/userdata/S/Syl/nethack/dumplog/1708693983.nh.txt" A temple and an altar, some fountains. Final resting place for nekochan-Wiz-Elf-Fem-Cha, killed by a watchman, while sleeping. Sokoban: levels 6 up to 3 Level 3: Solved. Level 4: Solved. Level 5: Solved. Level 6: Solved. Game over: ---------- / \ / REST \ / IN \ / PEACE \ / \ | nurdglaw | | 14620 Au | | killed by a | | rothe | | | | | | 2024 | *| * * * | * _________)/\\_//(\/(/\)/\//\/|_)_______ Goodbye nurdglaw the Rogue... You died in The Dungeons of Doom on dungeon level 5 with 45312 points, and 14620 pieces of gold, after 20946 moves. You were level 10 with a maximum of 64 hit points when you died.